 Dungeon Crawl Stone Soup version 0.31-a0-836-g3ceb0a68c4 (webtiles) character file.

Game seed: 981777125574712865

9 IdlyInterested the Trooper (level 2, 0/24 HPs)
             Began as a Demonspawn Fighter on Sept 26, 2023.
             Slain by a quokka (2 damage)
             ... on level 1 of the Dungeon.
             The game lasted 00:00:44 (92 turns).

IdlyInterested the Trooper (Demonspawn Fighter)       Turns: 92, Time: 00:00:45

Health: 0/24       AC:  7    Str: 16    XL:     2   Next: 3%
Magic:  2/2        EV:  8    Int:  9    God:
Gold:   0          SH:  4    Dex: 12    Spells: 1/1 levels left

rFire   . . .        a - +0 rapier
rCold   . . .        c - +0 buckler
rNeg    . . .        b - +0 scale mail
rPois   .            (no helmet)
rElec   .            (no cloak)
rCorr   .            (no gloves)
SInv    .            (no boots)
Will    .....        (no amulet) Stlth
                     (no ring)
HPRegen 0.24/turn    (no ring)
MPRegen 0.08/turn

%: no passive effects
@: no status effects
A: sharp scales 1
a: no special abilities


You were on level 1 of the Dungeon.
You visited 1 branch of the dungeon, and saw 1 of its levels.

Inventory:

Hand Weapons
 a - a +0 rapier (weapon)
Armour
 b - a +0 scale mail (worn)
 c - a +0 buckler (worn)
 g - a +0 leather armour
Scrolls
 h - a scroll of enchant armour {unknown}
Potions
 d - a potion of might
 e - a potion of curing {unknown}
 f - a potion of berserk rage {unknown}


   Skills:
 - Level 3.0 Fighting
 * Level 2.3 Short Blades
 + Level 2.9 Armour
 - Level 2.6 Shields


You had one spell level left.
You didn't know any spells.
Your spell library was empty.

Dungeon Overview and Level Annotations

Branches:
Dungeon (1/15)

Altars:


Innate Abilities, Weirdness & Mutations

You are partially covered in razor-sharp scales. (AC +1, Slay +1)


Message History

You hit the frilled lizard.
The frilled lizard is heavily wounded.
The quokka barely misses you. x2; The frilled lizard barely misses you.
You hit the frilled lizard.
You kill the frilled lizard!
The quokka bites you.
You hit the dart slug.
The dart slug is moderately wounded.
The quokka closely misses you. The dart slug launches a dart at you.
The slug dart hits you.
* * * LOW HITPOINT WARNING * * *
The quokka bites you but does no damage.
You barely miss the dart slug.
The dart slug is moderately wounded.
The kobold barely misses you. The dart slug launches a dart at you.
The slug dart misses you. The quokka barely misses you.
You hit the dart slug.
You kill the dart slug!
You block the kobold's attack.
The quokka bites you but does no damage.
You have reached level 2!
Your demonic ancestry asserts itself...
Sharp scales grow over part of your body.
You hit the kobold but do no damage.
The quokka bites you but does no damage.
The kobold hits you with a +0 club.
* * * LOW HITPOINT WARNING * * *
The quokka barely misses you.
You closely miss the kobold. The kobold hits you with a +0 club.
* * * LOW HITPOINT WARNING * * *
You block the quokka's attack. The kobold hits you with a +0 club.
* * * LOW HITPOINT WARNING * * *
You barely miss the kobold. You block the quokka's attack.
The kobold barely misses you.
You puncture the kobold!
You kill the kobold!
The quokka bites you.
You die...

.....>...........
.................
.................
................ ..
#..............
...#............#
...##....)r†....#
..........@#
........#### ........#
#### ........# ...
......#.## ..
......#.##..##.######
.......#.##..#.......#
.......†.##..........#
.........##..#.......#
#


You could see a quokka.

Vanquished Creatures
  A dart slug (D:1)
  A ball python (D:1)
  An endoplasm (D:1)
  2 frilled lizards (D:1)
  A kobold (D:1)
  3 rats (D:1)
9 creatures vanquished.

Notes
Turn   | Place    | Note
-------+----------+-------------------------------------------
     0 | D:1      | IdlyInterested the Demonspawn Fighter began the quest for
                  | the Orb.
     0 | D:1      | Reached XP level 1. HP: 18/18 MP: 1/1
    89 | D:1      | Gained mutation: You are partially covered in razor-sharp
                  | scales. (AC +1, Slay +1) [demonic ancestry]
    89 | D:1      | Reached XP level 2. HP: 5/24 MP: 2/2
    92 | D:1      | Slain by a quokka

Illustrated notes

Levels and vault maps discovered:
D:1:      lemuel_arrival_room, layout_basic, minmay_gold_behind_fungi,
          minivault_14

Skill      XL: |  1 |
---------------+----+-----
Short Blades   | 2 |  2.3
Fighting       | |  3.0
Armour         | |  2.9
Shields        | |  2.6

Action                     || total
---------------------------++-------
  Melee: Rapier            ||    24
 Armour: Scale mail        ||    19
  Dodge: Dodged            ||    16
  Block: Buckler           ||    11

Table legend: (Time is in decaauts)
 A = Elapsed time spent in this place.
 B = Non-inter-level travel time spent in this place.
 C = Inter-level travel time spent in this place.
 D = Time resting spent in this place.
 E = Time spent auto-exploring this place.
 F = Levels seen in this place.
 G = Mean time per level.
                   A        B        C        D        E       F      G
               +--------+--------+--------+--------+--------+-----+--------+
         Total |     95 |     95 |      0 |     28 |     16 |   1 |   95.0 |
       Dungeon |     95 |     95 |      0 |     28 |     16 |   1 |   95.0 |
               +--------+--------+--------+--------+--------+-----+--------+

Top non-repeatable levels by time:
     D:1: 95 daAuts
